 Dungeon Crawl Stone Soup version 0.29-a0-668-g12ee2bf84d (webtiles) character file.

Game seed: 13976981233036332758

440 moldycheese5 the Conjurer (level 6, -1/32 HPs)
             Began as a Deep Elf Conjurer on June 23, 2022.
             Shot with an arrow by a centaur (5 damage)
             ... on level 5 of the Dungeon.
             The game lasted 00:07:57 (4117 turns).

moldycheese5 the Conjurer (Deep Elf Conjurer)       Turns: 4117, Time: 00:07:58

Health: -1/32      AC:  3    Str:  6    XL:     6   Next: 70%
Magic:  23/25      EV: 12    Int: 23    God:
Gold:   153        SH:  0    Dex: 13    Spells: 12/16 levels left

rFire   . . .      SeeInvis .   f - staff of air
rCold   . . .      Faith    .   (no shield)
rNeg    . . .      Spirit   .   a - +0 robe
rPois   .          Reflect  .   (no helmet)
rElec   +          Harm     .   h - +0 cloak {Stlth+}
rCorr   +          Rampage  .   (no gloves)
Will    .....                   (no boots)
Stlth   ++++......              (no amulet)
HPRegen 0.10/turn               l - ring of magical power
MPRegen 0.19/turn               k - ring of resist corrosion

@: no status effects
A: no striking features
a: no special abilities


You were on level 5 of the Dungeon.
You visited 1 branch of the dungeon, and saw 5 of its levels.

You collected 153 gold pieces.

Inventory:

Missiles
 q - a throwing net
Armour
 a - a +0 robe (worn)
 h - a +0 cloak of stealth (worn)
Magical Staves
 f - a staff of air (weapon)
Jewellery
 k - a ring of resist corrosion (right hand)
 l - a ring of magical power (left hand)
Scrolls
 i - 2 scrolls of teleportation {unknown}
 n - a scroll of summoning {unknown}
 o - a scroll of fear {unknown}
 p - a scroll of vulnerability {unknown}
Potions
 b - 2 potions of magic
 c - 2 potions of flight
 d - a potion of cancellation
 e - a potion of curing
 g - a potion of mutation {unknown}
 j - a potion of brilliance {unknown}
 m - a potion of might {unknown}


   Skills:
 + Level 2.5 Dodging
 + Level 4.8 Stealth
 + Level 5.9 Spellcasting
 + Level 6.8 Conjurations


You had 12 spell levels left.
You knew the following spells:

 Your Spells              Type           Power      Damage    Failure   Level
a - Magic Dart            Conj           100%       1d8       1%          1
b - Spider Form           Tmut/Pois      6%         N/A       26%         3

Your spell library contained the following spells:

 Spells                   Type           Power      Damage    Failure   Level
 Searing Ray              Conj           76%        2d7       1%          2
 Static Discharge         Conj/Air       33%        N/A       3%          2
 Dazzling Flash           Conj/Hex       44%        N/A       6%          3
 Beastly Appendage        Tmut           12%        N/A       9%          1
 Mephitic Cloud           Conj/Pois/Air  25%        N/A       10%         3
 Call Imp                 Summ           6%         N/A       13%         2
 Wereblood                Tmut           6%         N/A       13%         2
 Fulminant Prism          Conj/Hex       11%        3d9       22%         4
 Iskenderun's Mystic Bla  Conj/Tloc      22%        2d6       22%         4
 Sticky Flame             Conj/Fire      22%        2d4       22%         4
 Dispel Undead            Necr           6%         3d8       65%         4


Dungeon Overview and Level Annotations

Branches:
Dungeon (5/15)
 Temple: D:4-7

Altars:
Kikubaaqudgha
Ru


Message History

You kill the dart slug!
You can't see any susceptible monsters within range! (Use Z to cast anyway.) Magic restored.
HP restored.
Found an ancient bone altar of Kikubaaqudgha.
Found 6 stones.
You now have 153 gold pieces (gained 10).
A centaur comes into view.
Found a potion of curing.
A centaur is nearby!
The magic dart hits the centaur.
The centaur is moderately wounded.
The centaur wields a +0 shortbow.
The centaur shoots an arrow.
The arrow hits you!
The magic dart hits the centaur.
The centaur is moderately wounded.
The centaur shoots an arrow.
The arrow hits you.
An adder comes into view.
You are too injured to fight recklessly!
You are too injured to fight recklessly!
You are too injured to fight recklessly!
Aiming: Magic Dart (safe; 1% risk of failure)
Press: ? - help, Q - select action, (/) - cycle Shift-Dir - straight line, f/p - centaur
Aim: a centaur, wielding a +0 shortbow (moderately wounded, 100% to hit)
The magic dart hits the centaur.
The centaur is heavily wounded.
The adder hisses angrily.
An ufetubus comes into view.
The centaur shoots an arrow.
The arrow hits you!
* * * LOW HITPOINT WARNING * * *
You hear a shout!
The centaur shoots an arrow.
The arrow barely misses you.
The centaur shoots an arrow.
The arrow misses you.
A scorpion comes into view.
Found a mace.
The scorpion closely misses you.
The centaur shoots an arrow.
The arrow hits you.
* * * LOW HITPOINT WARNING * * *
The centaur shoots an arrow.
The arrow hits you.
You die...

...####.#...#...#.
...........<#.........
.)....................
.......######.........
....... #.........
....... #.........
.......## #.........
........#####.........
.......@...S........##
...............#....#
.......s.##......#..#
.......###....c....(#
.#..... ...#....##..#
..#+###+###.......###
. .....c.+ ........#
.###.!.


You could see a centaur, a scorpion and an adder.

Vanquished Creatures
  Sigmund (D:3)
  5 orc priests
  Crazy Yiuf (D:3)
  4 adders
  7 dart slugs
  6 orcs
  8 endoplasms
  3 giant cockroaches
  5 goblins
  2 hobgoblins (D:1)
  5 kobolds
  2 quokkas
  4 ball pythons
  2 bats (D:1)
  2 frilled lizards
  2 rats
59 creatures vanquished.

Notes
Turn   | Place    | Note
-------+----------+-------------------------------------------
     0 | D:1      | moldycheese5 the Deep Elf Conjurer began the quest for the
                  | Orb.
     0 | D:1      | Reached XP level 1. HP: 10/10 MP: 6/6
   211 | D:1      | Reached XP level 2. HP: 15/15 MP: 6/8
   400 | D:1      | You fall into a shaft and drop 1 floor!
   548 | D:2      | Reached skill level 5 in Conjurations
   648 | D:2      | Reached XP level 3. HP: 19/19 MP: 1/10
   941 | D:2      | Reached XP level 4. HP: 24/24 MP: 7/11
  1351 | D:2      | Found a sacrificial altar of Ru.
  1837 | D:3      | Found a runed translucent door.
  1838 | D:3      | Noticed Crazy Yiuf
  2088 | D:3      | Learned a level 3 spell: Spider Form
  2275 | D:3      | Noticed Sigmund
  2286 | D:3      | Killed Sigmund
  2287 | D:3      | Reached skill level 5 in Spellcasting
  2287 | D:3      | Reached skill level 6 in Conjurations
  2287 | D:3      | Reached XP level 5. HP: 5/28 MP: 3/14
  2288 | D:3      | HP: 1/28 [poisoned by Sigmund]
  2875 | D:3      | Killed Crazy Yiuf
  2876 | D:3      | Reached XP level 6. HP: 31/32 MP: 15/15
  4056 | D:5      | Entered Level 5 of the Dungeon
  4100 | D:5      | Found an ancient bone altar of Kikubaaqudgha.
  4117 | D:5      | Shot with an arrow by a centaur

Illustrated notes

Levels and vault maps discovered:
D:1:      amcnicky_arrival_single_pillar, layout_basic,
          nicolae_ecumenical_lake_church
D:2:      layout_basic, basic_altar, chequers_serial_rivers_micro_b
D:3:      layout_loops_ring, uniq_crazy_yiuf_cottage, uniq_sigmund
D:4:      layout_basic
D:5:      layout_rooms, mainiacjoe_overflow_six_doors_small, tgw_kikubaaqudgha,
          grunt_ministairs_14

Skill      XL: |  1  2  3  4 |
---------------+-------------+-----
Conjurations   | 5 6 |  6.8
Spellcasting   | 5 |  5.9
Stealth        | 4 |  4.8
Dodging        | |  2.5

Action                   |  1- 3 |  4- 6 || total
-------------------------+-------+-------++-------
 Cast: Magic Dart        |    49 |   103 ||   152
  Use: Potion            |       |     2 ||     2
       Scroll            |       |     2 ||     2
Armor: Robe              |     2 |     2 ||     4
Dodge: Dodged            |     1 |    19 ||    20

Table legend: (Time is in decaauts)
 A = Elapsed time spent in this place.
 B = Non-inter-level travel time spent in this place.
 C = Inter-level travel time spent in this place.
 D = Time resting spent in this place.
 E = Time spent auto-exploring this place.
 F = Levels seen in this place.
 G = Mean time per level.
                   A        B        C        D        E       F      G
               +--------+--------+--------+--------+--------+-----+--------+
         Total |   4116 |   4003 |    113 |    776 |   2857 |   5 |  823.2 |
       Dungeon |   4116 |   4003 |    113 |    776 |   2857 |   5 |  823.2 |
               +--------+--------+--------+--------+--------+-----+--------+

Top non-repeatable levels by time:
     D:3: 1536 daAuts
     D:2: 1187 daAuts
     D:4: 930 daAuts
     D:1: 400 daAuts
     D:5: 60 daAuts
